 Dungeon Crawl Stone Soup version 0.18.1-48-g4cf74bf (webtiles) character file.

511 Heedrag the Conjurer (level 6, -1/32 HPs)
             Began as a Deep Elf Conjurer on Aug 3, 2016.
             Was a Follower of Vehumet.
             Slain by a giant gecko (2 damage)
             ... on level 4 of the Dungeon.
             The game lasted 00:08:48 (2648 turns).

Heedrag the Conjurer (Deep Elf Conjurer)            Turns: 2648, Time: 00:08:49

Health: -1/32      AC:  4    Str:  7    XL:     6   Next: 99%
Magic:  2/16       EV: 13    Int: 17    God:    Vehumet [*.....]
Gold:   139        SH:  0    Dex: 19    Spells: 5 memorised, 2 levels left

rFire  . . .     SeeInvis .     C - staff of wizardry
rCold  . . .     Gourm    .     a - +0 robe
rNeg   . . .     Faith    .     (no shield)
rPois  .         Spirit   .     (no helmet)
rElec  .         Dismiss  .     h - +1 cloak
rCorr  .         Reflect  .     (no gloves)
SustAt .         Harm     .     (no boots)
MR     .....                    g - amulet of magic regeneration
Stlth  ++........               f - -3 ring of intelligence (curse)
                                o - +4 ring of dexterity

@: not resistant to hostile enchantments, unstealthy
A: no striking features
a: Renounce Religion


You were on level 4 of the Dungeon.
You worshipped Vehumet.
Vehumet was aware of your devotion.
You were hungry.

You visited 2 branches of the dungeon, and saw 5 of its levels.

You collected 139 gold pieces.

Inventory:

Hand Weapons
 A - a +2 dagger of pain
Armour
 a - a +0 robe (worn)
 d - a +0 buckler
 h - a +1 cloak (worn)
Magical Staves
 C - an uncursed staff of wizardry (weapon)
Jewellery
 f - a cursed -3 ring of intelligence (right hand)
 g - an amulet of magic regeneration (around neck)
 o - a +4 ring of dexterity (left hand)
Scrolls
 e - a scroll of enchant armour {unknown}
 m - a scroll of remove curse {unknown}
 n - a scroll of random uselessness {unknown}
 q - 3 scrolls of teleportation {unknown}
 s - 4 scrolls of identify {unknown}
 y - a scroll of immolation {unknown}
 B - a scroll of enchant weapon {unknown}
Potions
 i - a potion of curing {unknown}
 j - a potion of agility {unknown}
 l - a potion of brilliance {unknown}
 t - a potion of heal wounds {unknown}
 u - a potion of cancellation {unknown}
 v - 2 potions of magic {unknown}
 w - a potion of beneficial mutation {unknown}
 x - a potion of might {unknown}
Books
 b - a book of Conjurations

   Spells                             Type                      Level
   a - Magic Dart                     Conjuration                  1
   b - Searing Ray                    Conjuration                  2
   c - Dazzling Spray                 Conjuration/Hexes            3
   d - Fulminant Prism                Conjuration/Hexes            4
   e - Iskenderun's Mystic Blast      Conjuration                  4
   f - Iskenderun's Battlesphere      Conjuration/Charms           5
Comestibles
 c - 2 bread rations
 k - 2 meat rations
 p - 5 fruits
 r - 2 beef jerkies
 z - 3 chunks of flesh


   Skills:
 - Level 2.4 Dodging
 - Level 2.4 Stealth
 + Level 5.8 Spellcasting
 * Level 7.6 Conjurations
 + Level 3.1 Charms
 + Level 1.0 Fire Magic


You had 2 spell levels left.
You knew the following spells:

 Your Spells              Type           Power        Failure   Level  Hunger
a - Magic Dart            Conj           ####         1%          1    None
b - Dazzling Spray        Conj/Hex       ###...       4%          3    ##.....
c - Iskenderun's Mystic   Conj           ####....     3%          4    ####...
d - Iskenderun's Battles  Conj/Chrm      ###.....     21%         5    ######.
e - Flame Tongue          Conj/Fire      ###..        1%          1    None


Dungeon Overview and Level Annotations

Branches:
Dungeon (4/15)             Temple (1/1) D:4

Altars:
Cheibriados
Elyvilon
Gozag
Nemelex Xobeh
Ru
Trog
Vehumet
Xom
Yredelemnul


Message History

* * * LOW HITPOINT WARNIN'
* * * Castin': Magic Dart Confirm wit' . or Enter, or press ? or * ta list all spells.
Aimin': Iskenderun's Mestic Blast
Press: ? - help, Shift-Dir - straight line Tha orb o' energy hits somethin'.
Vehumet accepts yer kill.
Reactivatin' autopickup.
Yer Fire Magic skill increases ta level 1!
Ye feel a bit more 'sperienced.
Ye be feelin' hungry.
Tha giant gecko misses ye.
Castin': Iskenderun's Mestic Blast Confirm wit' . or Enter, or press ? or * ta list all spells.
Aimin': Iskenderun's Mestic Blast
Press: ? - help, Shift-Dir - straight line, f - giant gecko
Aim: a giant gecko Tha orb o' energy misses tha giant gecko.
Tha giant gecko bites ye.
Ye die...

######## .......# #########
.......##################.......#
.................[..............#
.......#.....#.....######)......#
###.###.............## ##.######
#.##...............# #..#
###.##...............####.##
#............)..@........o##
................l..........##
..)......................oo.###
..............................#
...........................####
.....).....##.#...#........#
#....)............#........#
..................#........#
.##..##....................#


You could see a giant gecko.

Vanquished Creatures
  A phantom (D:3)
  The ghost of WarriorsX the Skirmisher, an amateur HuFi (D:3)
  A howler monkey (D:4)
  A hound (D:4)
  4 orc wizards (D:4)
  6 adders
  An ooze (D:3)
  An adder skeleton (D:4)
  4 worms
  A dart slug (D:1)
  2 giant geckos
  7 orcs
  A ball python (D:2)
  5 giant cockroaches
  13 goblins
  12 hobgoblins
  7 jackals
  A quokka (D:4)
  7 bats
  3 giant newts
  5 kobolds
  A quokka skeleton (D:4)
  2 rats
87 creatures vanquished.

Notes
Turn   | Place    | Note
--------------------------------------------------------------
     0 | D:1      | Heedrag the Deep Elf Conjurer began the quest for the Orb.
     0 | D:1      | Reached XP level 1. HP: 10/10 MP: 6/6
   150 | D:1      | Reached XP level 2. HP: 15/15 MP: 2/8
   334 | D:1      | Reached skill level 5 in Conjurations
   647 | D:1      | Reached XP level 3. HP: 14/19 MP: 5/10
   657 | D:1      | Learned a level 3 spell: Dazzling Spray
   905 | D:2      | Found a radiant altar of Vehumet.
   920 | D:2      | Reached XP level 4. HP: 24/24 MP: 1/12
   936 | D:2      | Became a worshipper of Vehumet
  1079 | D:2      | Learned a level 4 spell: Iskenderun's Mystic Blast
  1232 | D:3      | Noticed WarriorsX's ghost (amateur HuFi)
  1235 | D:3      | Reached skill level 6 in Conjurations
  1524 | D:3      | Noticed a phantom
  1561 | D:3      | Killed a phantom
  1561 | D:3      | Reached skill level 5 in Spellcasting
  1561 | D:3      | Reached XP level 5. HP: 21/28 MP: 5/14
  1591 | D:3      | Learned a level 5 spell: Iskenderun's Battlesphere
  1993 | D:3      | Killed WarriorsX's ghost
  1993 | D:3      | Reached skill level 7 in Conjurations
  1993 | D:3      | Reached skill level 1 in Charms
  1993 | D:3      | Reached XP level 6. HP: 13/32 MP: 0/15
  2147 | D:4      | Found an opulent altar of Gozag.
  2190 | D:4      | Found a staircase to the Ecumenical Temple.
  2236 | Temple   | Entered the Ecumenical Temple
  2504 | D:4      | Reached * piety under Vehumet
  2504 | D:4      | Offered knowledge of Flame Tongue by Vehumet.
  2509 | D:4      | Learned a level 1 spell: Flame Tongue
  2646 | D:4      | HP: 1/32 [giant gecko (1)]
  2647 | D:4      | Reached skill level 1 in Fire Magic
  2648 | D:4      | Slain by a giant gecko

Skill      XL: |  1  2  3  4  5  6 |
---------------+-------------------+-----
Conjurations   | 5 6 7 |  7.6
Spellcasting   | 4 5 |  5.8
Charms         | 1 3 |  3.1
Fire Magic     | 1 |  1.0
Dodging        | |  2.4
Stealth        | |  2.4

Action                   |  1- 3 |  4- 6 || total
-------------------------+-------+-------++-------
Melee: Unarmed           |     1 |     4 ||     5
       Staff             |       |     1 ||     1
 Cast: Magic Dart        |    95 |   131 ||   226
       Dazzling Spray    |     1 |     4 ||     5
       Iskenderun's Myst |       |     6 ||     6
       Iskenderun's Batt |       |     2 ||     2
  Eat: Chunk             |       |     7 ||     7
Armor: Robe              |     3 |     9 ||    12
Dodge: Dodged            |    23 |    29 ||    52
